 Dungeon Crawl Stone Soup version 0.28.0 (webtiles) character file.

Game seed: 10105643250785028538

11 zeram the Sneak (level 2, 0/17 HPs)
             Began as an Octopode Enchanter on Feb 13, 2022.
             Slain by a quokka (2 damage)
             ... on level 2 of the Dungeon.
             The game lasted 00:00:31 (391 turns).

zeram the Sneak (Octopode Enchanter)                 Turns: 391, Time: 00:00:33

Health: 0/17       AC:  1    Str:  7    XL:     2   Next: 25%
Magic:  5/5        EV: 13    Int: 17    God:
Gold:   39         SH:  0    Dex: 12    Spells: 5/5 levels left

rFire   . . .      SeeInvis .   a - +1 dagger
rCold   . . .      Faith    .   (no shield)
rNeg    . . .      Spirit   .   (helmet restricted)
rPois   .          Reflect  .   (no amulet)
rElec   .          Harm     .   (no ring)
rCorr   .          Rampage  .   (no ring)
Will    .....                   (no ring)
Stlth   ++++......              (no ring)
HPRegen 0.05/turn               (no ring)
MPRegen 0.09/turn               (no ring)
                                (no ring)
                                (no ring)

@: no status effects
A: almost no armour, amphibious, 8 rings, camouflage 1, gelatinous body 1,
(nimble swimmer 1), tentacles
a: no special abilities


You were on level 2 of the Dungeon.
You visited 1 branch of the dungeon, and saw 2 of its levels.

You collected 39 gold pieces.

Inventory:

Hand Weapons
 a - a +1 dagger (weapon)
Scrolls
 c - a scroll of enchant armour {unknown}
Potions
 b - a potion of invisibility
 d - a potion of might {unknown}
 e - a potion of berserk rage {unknown}
 f - a potion of heal wounds {unknown}


   Skills:
 + Level 1.1 Short Blades
 + Level 2.1 Dodging
 + Level 4.5 Stealth
 + Level 2.1 Spellcasting
 + Level 3.1 Hexes


You had 5 spell levels left.
You didn't know any spells.
Your spell library contained the following spells:

 Spells                   Type           Power      Damage    Failure   Level
 Ensorcelled Hibernation  Hex/Ice        14%        N/A       16%         2
 Confusing Touch          Hex            12%        N/A       16%         3
 Tukima's Dance           Hex            12%        N/A       16%         3
 Dazzling Flash           Conj/Hex       14%        N/A       30%         3


Dungeon Overview and Level Annotations

Branches:
Dungeon (1/15)

Altars:


Innate Abilities, Weirdness & Mutations

You cannot wear most types of armour.
You are amphibious.
You can wear up to eight rings at the same time.
Your skin changes colour to match your surroundings (Stealth+).
Your rubbery body absorbs attacks. (AC +1, EV +1)
((You are camouflaged when in or above water. (Stealth+)))
You have tentacles for arms and can constrict up to eight enemies at once.


Message History

Found two stone staircases leading down.
Found 27 stones.
The quokka misses you.
You barely miss the bat. You grab the bat. You constrict the bat.
The bat closely misses you. The bat barely misses you.
The bat escapes!
The quokka barely misses you. The bat barely misses you.
You hit the bat. You grab the bat. Your squeeze misses the bat.
The bat is severely wounded.
You constrict the bat.
You kill the bat!
The quokka bites you. The bat barely misses you.
You hit the bat. You grab the bat.
The bat is heavily wounded.
You constrict the bat. The bat barely misses you.
The bat escapes!
A quokka comes into view.
The quokka bites you.
You are too injured to fight recklessly!
You are too injured to fight recklessly!
You are too injured to fight recklessly!
You hit the quokka. You grab the quokka.
The quokka is heavily wounded.
You constrict the quokka, but do no damage.
The bat closely misses you. The quokka closely misses you.
You hit the quokka but do no damage.
The quokka is heavily wounded.
You constrict the quokka. The bat misses you. The quokka barely misses you.
You hit the quokka but do no damage.
The quokka is severely wounded.
You constrict the quokka, but do no damage.
The bat barely misses you. The quokka closely misses you.
The quokka misses you. The quokka bites you.
* * * LOW HITPOINT WARNING * * *
Unknown command.
You hit the quokka.
The quokka is almost dead.
You constrict the quokka.
You kill the quokka!
The bat hits you.
* * * LOW HITPOINT WARNING * * *
The quokka bites you.
You die...

# .# .#+# .#..#
... .#.#
#.##..(## ..##
#.......#.
#..[.##.........
.........#......
##.......†#
#.......@#
#>......r†.#
#.........##
..........##
...........
...>......#.
.........#
..(.....#


You could see a quokka.

Vanquished Creatures
  An endoplasm (D:1)
  2 giant cockroaches (D:1)
  2 quokkas
  A ball python (D:1)
  2 bats
  3 frilled lizards (D:1)
  A kobold (D:1)
  A rat (D:1)
13 creatures vanquished.

Notes
Turn   | Place    | Note
-------+----------+-------------------------------------------
     0 | D:1      | zeram the Octopode Enchanter began the quest for the Orb.
     0 | D:1      | Reached XP level 1. HP: 11/11 MP: 3/3
   189 | D:1      | Reached XP level 2. HP: 16/17 MP: 5/5
   241 | D:1      | Found a faded altar of an unknown god.
   382 | D:1      | You fall into a shaft and drop 1 floor!
   391 | D:2      | Slain by a quokka

Illustrated notes

Levels and vault maps discovered:
D:1:      dpeg_arrival_refuge, layout_rooms, basic_ecumenical_altar,
          kennysheep_pointless_box, minmay_tetromino_s4
D:2:      cheibrodos_greedy_goblins, layout_rooms, minmay_misc_feat_encased

Action                   || total
-------------------------++-------
Melee: Dagger            ||    27
       Tentacles         ||     2
       Constrict         ||     6
 Stab: Sleeping          ||     6
Armor: Skin              ||     1
Dodge: Dodged            ||    23
